 Dungeon Crawl Stone Soup version 0.25-a0-189-gf71692caf1 (webtiles) character file.

Game seed: 9115016703535855849, levelgen mode: deterministic

49 floatRand the Shield-Bearer (level 4, 0/37 HPs)
             Began as a Formicid Fighter on Nov 29, 2019.
             Slain by a gnoll
             ... wielding a +0 halberd
              (3 damage)
             ... on level 2 of the Dungeon.
             The game lasted 00:01:00 (704 turns).

floatRand the Shield-Bearer (Formicid Fighter)       Turns: 704, Time: 00:01:00

Health: 0/37       AC:  6    Str: 20    XL:     4   Next: 2%
Magic:  4/4        EV:  8    Int:  8    God:
Gold:   38         SH:  9    Dex: 11    Spells: 3/3 levels left

rFire    . . .     SeeInvis +   a - +0 war axe
rCold    . . .     Gourm    .   c - +0 shield
rNeg     . . .     Faith    .   b - +0 scale mail
rPois    .         Spirit   .   (helmet unavailable)
rElec    .         Reflect  .   (no cloak)
rCorr    .         Harm     .   (no gloves)
MR       .....                  (no boots)
Stlth    ..........             (no amulet)
HPRegen  0.12/turn              (no ring)
MPRegen  0.09/turn              (no ring)

@: no status effects
A: permanent stasis, dig shafts and tunnels, four strong arms, antennae 3
a: Dig, Shaft Self


You were on level 2 of the Dungeon.
You were not hungry.

You visited 1 branch of the dungeon, and saw 2 of its levels.

You collected 38 gold pieces.

Inventory:

Hand Weapons
 a - a +0 war axe (weapon)
Armour
 b - a +0 scale mail (worn)
 c - a +0 shield (worn)
Scrolls
 e - 3 scrolls of remove curse {unknown}
 h - a scroll of enchant weapon {unknown}
 i - a scroll of fear {unknown}
Potions
 d - a potion of might
Comestibles
 f - a ration
 g - 2 chunks of flesh


   Skills:
 + Level 3.6 Fighting
 * Level 2.8 Axes
 + Level 3.5 Armour
 * Level 4.3 Shields


You had 3 spell levels left.
You didn't know any spells.
Your spell library was empty.

Dungeon Overview and Level Annotations

Branches:
Dungeon (2/15)

Altars:


Innate Abilities, Weirdness & Mutations

You cannot be hasted, slowed, berserked, paralysed or teleported.
You can dig through walls and to a lower floor.
Your four strong arms can wield two-handed weapons with a shield.
You have a pair of large antennae on your head. (SInv)


Message History

The gnoll hits you but does no damage. The gnoll barely misses you. x2
The gnoll hits you with a +0 spear.
You are too injured to fight recklessly!
You closely miss the gnoll. You hit the gnoll but do no damage.
You barely miss the hobgoblin. You block the gnoll's attack.
The gnoll barely misses you.
The hobgoblin hits you but does no damage.
The bat closely misses you. The gnoll hits you with a +0 spear.
The gnoll hits you but does no damage.
The gnoll hits you from afar with a +0 halberd!
* * * LOW HITPOINT WARNING * * *
The gnoll hits you with a +0 whip.
* * * LOW HITPOINT WARNING * * *
The hobgoblin misses you.
Unknown command.
The bat hits you but does no damage. The gnoll hits you but does no damage.
You block the gnoll's attack. The gnoll closely misses you.
You block the hobgoblin's attack.
The gnoll hits you from afar with a +0 halberd.
You die...

#.. ...#...
..##........?
###............
##..............
##...............
#.$..............
#.........s......
#.....g..g.......
#.....gg@b.......
#......g.†.#.....
##...............
#...............
#..........###...
#..........# ..
#........... .
............


You could see 4 gnolls, a giant cockroach, a hobgoblin and a bat.

Vanquished Creatures
  A gnoll (D:1)
  2 oozes (D:1)
  4 dart slugs (D:1)
  A bat (D:1)
  6 goblins
  A hobgoblin (D:1)
  A kobold (D:1)
  A frilled lizard (D:1)
  8 rats (D:1)
25 creatures vanquished.

Notes
Turn   | Place    | Note
-------+----------+-------------------------------------------
     0 | D:1      | floatRand the Formicid Fighter began the quest for the Orb.
     0 | D:1      | Reached XP level 1. HP: 18/18 MP: 1/1
   105 | D:1      | Reached XP level 2. HP: 24/24 MP: 2/2
   325 | D:1      | Reached skill level 4 in Shields
   360 | D:1      | Reached XP level 3. HP: 25/29 MP: 3/3
   617 | D:1      | Reached XP level 4. HP: 28/37 MP: 4/4
   704 | D:2      | Slain by a gnoll

Levels and vault maps discovered:
D:1:      erik_arrival_gehennom, layout_basic
D:2:      layout_rooms, lemuel_round_altar, cheibriados_altar_1, uniq_robin,
          uniq_terence, uniq_crazy_yiuf_cottage

Skill      XL: |  1  2 |
---------------+-------+-----
Shields        | 4 |  4.3
Fighting       | |  3.6
Axes           | |  2.8
Armour         | |  3.5

Action                   |  1- 3 |  4- 6 || total
-------------------------+-------+-------++-------
Melee: War axe           |    54 |     3 ||    57
Armor: Scale mail        |    15 |     4 ||    19
Dodge: Dodged            |    10 |     9 ||    19
Block: Shield            |    33 |     8 ||    41

Table legend:
 A = Non-vault XP
 B = Vault XP
 C = Vault XP percentage of total XP
 D = Non-vault monster count
 E = Vault monster count
 F = Vault count percentage of total count
                 A         B        C        D         E       F
            +---------+---------+-------+---------+---------+-------
      Total |      51 |      20 |  28.2 |      20 |       5 |  20.0
            +---------+---------+-------+---------+---------+-------
        D:1 |      49 |      20 |  29.0 |      19 |       5 |  20.8
        D:2 |       2 |       0 |   0.0 |       1 |       0 |   0.0
            +---------+---------+-------+---------+---------+-------
